| TOP OF THE 1ST |
|
Mississippi Braves batting - Pitching for Mobile BayBears : RHP Chad Toms
|
|
Pitching: RHP Chad Toms
|
|
|
Batting: LHB Sal Fernandez
|
0-0: Bunt missed! 0-1: Ground out 4-3 (Groundball, 4, EV 81.2 MPH)
|
|
Batting: RHB Hieronim Rutkowski
|
0-0: Called Strike 0-1: Ball 1-1: Fly out, F7 (Flyball, 7, EV 86.2 MPH)
|
|
Batting: LHB Art D'Ascenzo
|
0-0: Called Strike 0-1: Ball 1-1: Foul Ball, location: 2F 1-2: Foul Ball, location: 2F 1-2: Strikes out swinging
|
| Top of the 1st over - 0 runs, 0 hits, 0 errors, 0 left on base; Mississippi 0 - Mobile 0 |
| BOTTOM OF THE 1ST |
|
Mobile BayBears batting - Pitching for Mississippi Braves : LHP Carlos Salcido
|
|
Pitching: LHP Carlos Salcido
|
|
|
Batting: RHB Francisco Gutierrez
|
0-0: Called Strike 0-1: Fly out, F8 (Line Drive, 78M, EV 94.4 MPH)
|
|
Batting: LHB Yao-pang Tien
|
0-0: Called Strike 0-1: Foul Ball, location: 2F 0-2: SINGLE (Line Drive, 56D, EV 100.0 MPH)
|
|
Batting: SHB Ken Welch
|
0-0: Fly out, F3 (Popup, 3L, EV 71.9 MPH)
|
|
Batting: RHB Seth Tramontano
|
0-0: Called Strike Yao-pang Tien is caught stealing 2nd base 2-4
|
| Bottom of the 1st over - 0 runs, 1 hit, 0 errors, 0 left on base; Mississippi 0 - Mobile 0 |
| TOP OF THE 2ND |
|
Mississippi Braves batting - Pitching for Mobile BayBears : RHP Chad Toms
|
|
Batting: RHB Eddie McCoy
|
0-0: Called Strike 0-1: Foul Ball, location: 2F 0-2: Strikes out swinging
|
|
Batting: RHB Justin Reich
|
0-0: Ball 1-0: SINGLE (Line Drive, 34D, EV 100.0 MPH)
|
|
Batting: SHB Jose Melendez
|
0-0: Called Strike 0-1: Grounds into double play, 6-4-3 (Groundball, 6, EV 85.0 MPH)
|
| Top of the 2nd over - 0 runs, 1 hit, 0 errors, 0 left on base; Mississippi 0 - Mobile 0 |
| BOTTOM OF THE 2ND |
|
Mobile BayBears batting - Pitching for Mississippi Braves : LHP Carlos Salcido
|
|
Batting: RHB Seth Tramontano
|
0-0: Ball 1-0: Called Strike 1-1: Ground out 4-3 (Groundball, 4, EV 82.5 MPH)
|
|
Batting: SHB Reagan Dudley
|
0-0: Ball 1-0: Foul Ball, location: 2F 1-1: Called Strike 1-2: Foul Ball, location: 2F 1-2: Strikes out swinging
|
|
Batting: RHB Josh Burrows
|
0-0: Called Strike 0-1: Foul Ball, location: 2F 0-2: Ball 1-2: Fly out, F8 (Line Drive, 8RD, EV 91.2 MPH)
|
| Bottom of the 2nd over - 0 runs, 0 hits, 0 errors, 0 left on base; Mississippi 0 - Mobile 0 |
| TOP OF THE 3RD |
|
Mississippi Braves batting - Pitching for Mobile BayBears : RHP Chad Toms
|
|
Batting: RHB Tim Molchan
|
0-0: Foul Ball, location: 2F 0-1: Called Strike 0-2: Ball 1-2: Ball 2-2: Ball 3-2: SINGLE (Groundball, 56, EV 110.0 MPH)
|
|
Batting: RHB Elias Vences
|
0-0: Called Strike 0-1: Ball 1-1: Foul Ball, location: 2F 1-2: Ball 2-2: Foul Ball, location: 2F 2-2: Foul Ball, location: 2F 2-2: Strikes out swinging
|
|
Batting: LHB Fred Arends
|
0-0: SINGLE (Groundball, 56D, EV 101.9 MPH) Tim Molchan to second
|
|
Batting: LHB Sal Fernandez
|
0-0: Ball 1-0: Foul Ball, location: 2F 1-1: Foul Ball, location: 2F 1-2: Strikes out swinging
|
|
Batting: RHB Hieronim Rutkowski
|
0-0: Called Strike 0-1: Ball 1-1: SINGLE (Groundball, 56D, EV 107.5 MPH) Tim Molchan to third Fred Arends to second Runner from 3rd tries for Home, SAFE, throw by LF to home
|
|
Batting: LHB Art D'Ascenzo
|
0-0: Ball 1-0: Foul Ball, location: 2F 1-1: Ball 2-1: Ball 3-1: Swinging Strike 3-2: Ground out U3 (Groundball, 3, EV 95.0 MPH)
|
| Top of the 3rd over - 1 run, 3 hits, 0 errors, 2 left on base; Mississippi 1 - Mobile 0 |
| BOTTOM OF THE 3RD |
|
Mobile BayBears batting - Pitching for Mississippi Braves : LHP Carlos Salcido
|
|
Batting: RHB Sean Tanner
|
0-0: Swinging Strike 0-1: Ball 1-1: Foul Ball, location: 2F 1-2: Strikes out swinging, 2-3 out at first.
|
|
Batting: LHB Koson Hirai
|
0-0: Swinging Strike 0-1: Ball 1-1: Swinging Strike 1-2: Ground out 4-3 (Groundball, 4, EV 95.0 MPH)
|
|
Batting: LHB Frank Mullen
|
0-0: DOUBLE (Groundball, 3L, EV 110.0 MPH)
|
|
Batting: RHB Francisco Gutierrez
|
0-0: Ball 1-0: Swinging Strike 1-1: Ball 2-1: Ball 3-1: SINGLE (Line Drive, 3L, EV 103.8 MPH) Frank Mullen to third
|
|
Batting: LHB Yao-pang Tien
|
0-0: Called Strike 0-1: Foul Ball, location: 2F 0-2: Fly out, F7 (Line Drive, 7D, EV 99.4 MPH)
|
| Bottom of the 3rd over - 0 runs, 2 hits, 0 errors, 2 left on base; Mississippi 1 - Mobile 0 |
| TOP OF THE 4TH |
|
Mississippi Braves batting - Pitching for Mobile BayBears : RHP Chad Toms
|
|
Batting: RHB Eddie McCoy
|
0-0: Ball 1-0: Ball 2-0: Ball 3-0: Base on Balls
|
|
Batting: RHB Justin Reich
|
0-0: Swinging Strike 0-1: Ball 1-1: Ball 2-1: Fly out, F7 (Flyball, 7LM, EV 78.8 MPH)
|
|
Batting: SHB Jose Melendez
|
0-0: Ball 1-0: Ball 2-0: Ball 3-0: Called Strike 3-1: Foul Ball, location: 2F 3-2: Foul Ball, location: 2F 3-2: Foul Ball, location: 2F 3-2: Base on Balls Eddie McCoy to second
|
|
Batting: RHB Tim Molchan
|
0-0: Ball 1-0: Ball 2-0: Swinging Strike 2-1: Foul Ball, location: 2F 2-2: SINGLE (Groundball, 56D, EV 96.2 MPH) Eddie McCoy to third Jose Melendez to second Runner from 3rd tries for Home, SAFE, throw by LF to home
|
|
Batting: RHB Elias Vences
|
0-0: Called Strike 0-1: Ball 1-1: Ball 2-1: SINGLE (Line Drive, 4MD, EV 109.4 MPH) Jose Melendez to third Tim Molchan to second
|
|
Batting: LHB Fred Arends
|
0-0: Called Strike 0-1: Ball 1-1: Ball 2-1: Called Strike 2-2: Fly out, F7 (Flyball, 7S, EV 83.8 MPH)
|
|
Batting: LHB Sal Fernandez
|
0-0: Called Strike 0-1: Ball 1-1: Ball 2-1: Swinging Strike 2-2: Foul Ball, location: 2F 2-2: Ball 3-2: Fly out, F7 (Line Drive, 7LM, EV 103.8 MPH)
|
| Top of the 4th over - 1 run, 2 hits, 0 errors, 3 left on base; Mississippi 2 - Mobile 0 |
| BOTTOM OF THE 4TH |
|
Mobile BayBears batting - Pitching for Mississippi Braves : LHP Carlos Salcido
|
|
Batting: SHB Ken Welch
|
0-0: Swinging Strike 0-1: Called Strike 0-2: Foul Ball, location: 2F 0-2: Ball 1-2: Fly out, F8 (Flyball, 8LM, EV 90.6 MPH)
|
|
Batting: RHB Seth Tramontano
|
0-0: Ball 1-0: Ball 2-0: Foul Ball, location: 2F 2-1: Fly out, F9 (Flyball, 89S, EV 95.0 MPH)
|
|
Batting: SHB Reagan Dudley
|
0-0: Ball 1-0: Swinging Strike 1-1: Swinging Strike 1-2: Strikes out swinging
|
| Bottom of the 4th over - 0 runs, 0 hits, 0 errors, 0 left on base; Mississippi 2 - Mobile 0 |
| TOP OF THE 5TH |
|
Mississippi Braves batting - Pitching for Mobile BayBears : RHP Chad Toms
|
|
Batting: RHB Hieronim Rutkowski
|
0-0: Fly out, F5 (Popup, 5S, EV 70.6 MPH)
|
|
Batting: LHB Art D'Ascenzo
|
0-0: Called Strike 0-1: Ball 1-1: Foul Ball, location: 2F 1-2: Foul Ball, location: 2F 1-2: Foul Ball, location: 2F 1-2: SINGLE (Groundball, 25, EV 74.4 MPH) (infield hit)
|
|
Batting: RHB Eddie McCoy
|
0-0: Called Strike 0-1: Fly out, F8 (Flyball, 89M, EV 90.0 MPH)
|
|
Batting: RHB Justin Reich
|
0-0: Ball 1-0: Foul Ball, location: 2F 1-1: Ball 2-1: Foul Ball, location: 2F Balk! Art D'Ascenzo to second 2-2: Foul Ball, location: 2F 2-2: Foul Ball, location: 2F 2-2: Ball 3-2: Foul Ball, location: 2F 3-2: Foul Ball, location: 2F 3-2: Fly out, F8 (Line Drive, 8RM, EV 93.1 MPH)
|
| Top of the 5th over - 0 runs, 1 hit, 0 errors, 1 left on base; Mississippi 2 - Mobile 0 |
| BOTTOM OF THE 5TH |
|
Mobile BayBears batting - Pitching for Mississippi Braves : LHP Carlos Salcido
|
|
Batting: RHB Josh Burrows
|
0-0: Fly out, F8 (Flyball, 8LD, EV 106.2 MPH)
|
|
Batting: RHB Sean Tanner
|
0-0: Ball 1-0: Ball 2-0: Ball 3-0: Called Strike 3-1: Foul Ball, location: 2F 3-2: Ground out 4-3 (Groundball, 4, EV 93.1 MPH)
|
|
Batting: LHB Koson Hirai
|
0-0: Foul Ball, location: 2F 0-1: Ball 1-1: Ball 2-1: SOLO HOME RUN (Flyball, 8LXD, EV 113.1 MPH), Distance : 433 ft
|
|
Batting: LHB Frank Mullen
|
0-0: Ball 1-0: Ball 2-0: Foul Ball, location: 2F 2-1: Called Strike 2-2: Foul Ball, location: 2F 2-2: Ball 3-2: Ground out 5-3 (Groundball, 56, EV 84.4 MPH)
|
| Bottom of the 5th over - 1 run, 1 hit, 0 errors, 0 left on base; Mississippi 2 - Mobile 1 |
| TOP OF THE 6TH |
|
Mississippi Braves batting - Pitching for Mobile BayBears : RHP Chad Toms
|
|
Batting: SHB Jose Melendez
|
0-0: Ball 1-0: Called Strike 1-1: Ground out 4-3 (Groundball, 34, EV 106.2 MPH)
|
|
Batting: RHB Tim Molchan
|
0-0: Called Strike 0-1: Ball 1-1: Ball 2-1: Ball 3-1: Called Strike 3-2: DOUBLE (Flyball, 89D, EV 102.5 MPH)
|
|
Pitching: LHP Heath Henderson
|
|
|
Batting: RHB Elias Vences
|
0-0: Foul Ball, location: 2F 0-1: Ball 1-1: Ground out 5-3 (Groundball, 5, EV 103.1 MPH)
|
|
Batting: LHB Fred Arends
|
0-0: Swinging Strike 0-1: Foul Ball, location: 2F 0-2: Foul Ball, location: 2F 0-2: Foul Ball, location: 2F 0-2: Foul Ball, location: 2F 0-2: Ball 1-2: Strikes out swinging
|
| Top of the 6th over - 0 runs, 1 hit, 0 errors, 1 left on base; Mississippi 2 - Mobile 1 |
| BOTTOM OF THE 6TH |
|
Mobile BayBears batting - Pitching for Mississippi Braves : LHP Carlos Salcido
|
|
Batting: RHB Francisco Gutierrez
|
0-0: Ground out 4-3 (Groundball, 4, EV 102.5 MPH)
|
|
Batting: LHB Yao-pang Tien
|
0-0: Ball 1-0: Fly out, F9 (Flyball, 89M, EV 93.1 MPH)
|
|
Batting: SHB Ken Welch
|
0-0: Ball 1-0: Foul Ball, location: 2F 1-1: Ball 2-1: Swinging Strike 2-2: Strikes out looking
|
| Bottom of the 6th over - 0 runs, 0 hits, 0 errors, 0 left on base; Mississippi 2 - Mobile 1 |
| TOP OF THE 7TH |
|
Mississippi Braves batting - Pitching for Mobile BayBears : LHP Heath Henderson
|
|
Batting: LHB Sal Fernandez
|
0-0: Foul Ball, location: 2F 0-1: Ball 1-1: Foul Ball, location: 2F 1-2: Strikes out looking
|
|
Batting: RHB Hieronim Rutkowski
|
0-0: Ball 1-0: Called Strike 1-1: Swinging Strike 1-2: Strikes out swinging
|
|
Batting: LHB Art D'Ascenzo
|
0-0: Called Strike 0-1: Called Strike 0-2: Strikes out looking
|
| Top of the 7th over - 0 runs, 0 hits, 0 errors, 0 left on base; Mississippi 2 - Mobile 1 |
| BOTTOM OF THE 7TH |
|
Mobile BayBears batting - Pitching for Mississippi Braves : LHP Carlos Salcido
|
|
Batting: RHB Seth Tramontano
|
0-0: Called Strike 0-1: Swinging Strike 0-2: Ball 1-2: Foul Ball, location: 2F 1-2: Strikes out swinging
|
|
Batting: SHB Reagan Dudley
|
0-0: Single, Error in OF, E9, batter to second base (Line Drive, 3D, EV 107.5 MPH)
|
|
Batting: RHB Josh Burrows
|
0-0: Ball 1-0: Ground out U3 (Groundball, 34S, EV 66.2 MPH) Reagan Dudley to third
|
|
Batting: RHB Sean Tanner
|
0-0: Foul Ball, location: 2F 0-1: Foul Ball, location: 2F 0-2: Ball 1-2: Strikes out looking
|
| Bottom of the 7th over - 0 runs, 1 hit, 1 error, 1 left on base; Mississippi 2 - Mobile 1 |
| TOP OF THE 8TH |
|
Mississippi Braves batting - Pitching for Mobile BayBears : LHP Heath Henderson
|
|
Pitching: RHP Dan Thompson
|
|
|
Batting: RHB Eddie McCoy
|
0-0: Ball 1-0: Ball 2-0: Called Strike 2-1: Fly out, F8 (Flyball, 8RM, EV 78.8 MPH)
|
|
Batting: RHB Justin Reich
|
0-0: Fly out, F8 (Flyball, 89M, EV 81.9 MPH)
|
|
Batting: SHB Jose Melendez
|
0-0: Swinging Strike 0-1: Foul Ball, location: 2F 0-2: Ball 1-2: Foul Ball, location: 2F 1-2: Strikes out swinging
|
| Top of the 8th over - 0 runs, 0 hits, 0 errors, 0 left on base; Mississippi 2 - Mobile 1 |
| BOTTOM OF THE 8TH |
|
Mobile BayBears batting - Pitching for Mississippi Braves : LHP Carlos Salcido
|
|
Now at 1B: Gerard Michel
|
|
|
Batting: LHB Koson Hirai
|
0-0: Ball 1-0: Ground out 6-3 (Groundball, 6, EV 105.6 MPH)
|
|
Pitching: RHP Ioakim Mozgo
|
|
|
Batting: LHB Frank Mullen
|
0-0: Fly out, F9 (Flyball, 89M, EV 77.5 MPH)
|
|
Batting: RHB Francisco Gutierrez
|
0-0: Ball 1-0: Ball 2-0: Ball 3-0: Called Strike 3-1: Base on Balls
|
|
Batting: LHB Yao-pang Tien
|
0-0: Ball 1-0: Ball 2-0: Foul Ball, location: 2F 2-1: Fly out, F9 (Flyball, 89D, EV 106.9 MPH)
|
| Bottom of the 8th over - 0 runs, 0 hits, 0 errors, 1 left on base; Mississippi 2 - Mobile 1 |
| TOP OF THE 9TH |
|
Mississippi Braves batting - Pitching for Mobile BayBears : RHP Dan Thompson
|
|
Pitching: RHP Edwin Martinez
|
|
|
Batting: RHB Tim Molchan
|
0-0: Ball 1-0: Ball 2-0: Foul Ball, location: 2F 2-1: Ground out 5-3 (Groundball, 56, EV 105.6 MPH)
|
|
Batting: RHB Elias Vences
|
0-0: Called Strike 0-1: Ball 1-1: Ground out 6-3 (Groundball, 6, EV 101.9 MPH)
|
|
Batting: LHB Fred Arends
|
0-0: Ground out U3 (Groundball, 34, EV 84.4 MPH)
|
| Top of the 9th over - 0 runs, 0 hits, 0 errors, 0 left on base; Mississippi 2 - Mobile 1 |
| BOTTOM OF THE 9TH |
|
Mobile BayBears batting - Pitching for Mississippi Braves : RHP Ioakim Mozgo
|
|
Pitching: RHP Gordon Cushing
|
|
|
Batting: SHB Ken Welch
|
0-0: Ball 1-0: Ball 2-0: Foul Ball, location: 2F 2-1: Ground out 4-3 (Groundball, 4, EV 84.4 MPH)
|
|
Batting: RHB Seth Tramontano
|
0-0: Called Strike 0-1: Called Strike 0-2: Ball 1-2: Strikes out swinging
|
|
Batting: SHB Reagan Dudley
|
0-0: Ball 1-0: Called Strike 1-1: Ball 2-1: Foul Ball, location: 2F 2-2: SINGLE (Groundball, 6MD, EV 103.8 MPH)
|
|
Batting: RHB Josh Burrows
|
0-0: Ground out 4-3 (Groundball, 13, EV 86.2 MPH)
|
| Bottom of the 9th over - 0 runs, 1 hit, 0 errors, 1 left on base; Mississippi 2 - Mobile 1 |
|